 Dungeon Sprint DCSS version 0.20-a0-1089-g3fde505 (webtiles) character file.

27596 potatolord5000 the Warrior (level 13, -9/95 HPs)
             Began as a Gargoyle Fighter on May 3, 2017.
             Was the Champion of Okawaru.
             Mangled by a death cob (15 damage)
             ... in the Dungeon (Sprint VII: "The Pits").
             The game lasted 00:27:15 (2170 turns).

potatolord5000 the Warrior (Gargoyle Fighter)       Turns: 2170, Time: 00:27:16

Health: -9/95      AC: 47    Str: 25    XL:     13   Next: 33%
Magic:  19/25      EV: 11    Int:  9    God:    Okawaru [******]
Gold:   27         SH: 15    Dex: 12    Spells: 12/12 levels left

rFire    . . .     SeeInvis .   a - +0 eveningstar (protect)
rCold    . . .     Gourm    .   c - +0 shield
rNeg     + . .     Faith    .   u - +7 plate armour
rPois    ∞         Spirit   .   (no helmet)
rElec    +         Reflect  .   g - +1 cloak {rPois}
rCorr    .         Harm     .   (no gloves)
MR       .....     NoTele   +   v - +2 pair of boots
Stlth    ..........             (no amulet)
Regen    0.3/turn               h - +3 ring of evasion
MPRegen  0.2/turn               l - +3 ring of dexterity

@: finesse, protection aura, slowed, studying Hexes, very slow
A: negative energy resistance 1, electricity resistance, unbreathing,
petrification resistance, rot immunity, AC +9
a: Heroism, Finesse, Renounce Religion


You were in the Dungeon.
You worshipped Okawaru.
Okawaru was exalted by your worship.
You were full.

You visited 1 branch You collected 27 gold pieces.

Inventory:

Hand Weapons
 a - a +0 eveningstar of protection (weapon)
Armour
 c - a +0 shield (worn)
 g - a +1 cloak of poison resistance (worn)
 u - a +7 plate armour (worn)
 v - a +2 pair of boots (worn)
Jewellery
 h - a +3 ring of evasion (left hand)
 l - a +3 ring of dexterity (right hand)
Scrolls
 k - a scroll of blinking
 m - 5 scrolls of remove curse
 n - 5 scrolls of amnesia
 o - a scroll of summoning
 w - a scroll of recharging
 x - 2 scrolls of identify
 A - a scroll of fear
Potions
 e - 7 potions of curing
 i - 4 potions of magic
Books
 s - a manual of Hexes
Comestibles
 f - 8 bread rations
 p - 40 fruits
 q - 6 meat rations


   Skills:
 + Level 16.7 Fighting
 + Level 15.5 Maces & Flails
 + Level 16.7 Armour
 + Level 16.7 Shields
 + Level 16.3 Invocations


You had 12 spell levels left.
You didn't know any spells.

Dungeon Overview and Level Annotations

Branches:
Dungeon (1/1)

Altars:
Ashenzari
Cheibriados
Dithmenos
Elyvilon
Fedhas
Gozag
Hepliaklqana
Kikubaaqudgha
Makhleb
Nemelex Xobeh
Okawaru
Qazlal
Ru
Sif Muna
Trog
Uskayaw
Vehumet
Wu Jian
Xom
Yredelemnul
Zin
The Shining One
Beogh
Jiyva
Lugonu

Annotations:
D Donald


Innate Abilities, Weirdness & Mutations

You are resistant to torment.
Your stone body is resilient. (AC +9)
You are immune to poison.
You resist negative energy. (rN+)
You are resistant to electric shocks. (rElec)
You can survive without breathing.
You are immune to petrification.
You are immune to rotting.


Message History

The orc warlord is severely wounded.
You block the death cob's attack.
The orc warlord hits you but does no damage.
You block Donald's attack. You block the death cob's attack.
The orc warlord hits you but does no damage.
You thump the orc warlord!
Your weapon exudes an aura of protection.
The orc warlord is almost dead.
The death cob hits you but does no damage.
Donald hits you from afar with a demon trident of draining.
* * * LOW HITPOINT WARNING * * *
The orc warlord blocks your attack.
The orc warlord is almost dead.
The death cob hits you but does no damage.
You block the orc warlord's attack. The orc warlord blocks your attack.
The orc warlord is almost dead.
You feel like a meek peon again. The death cob hits you!
You die...

.........# .........#
.#....#..# .........+
.........+ #''#
#''########################
#....)....ooooooo..........
#†........@z@oooo.(........
#..##############''########
#..# #.o......# #..#
#...o....# #..# ####..####
#..# .... #..# ..... #..#
...... #######.)# ##..###


You could see 2 orc warlords, a death cob, Donald and 9 orc knights.

Vanquished Creatures
  A death cob (D)
  A nagaraja (D)
  A deep elf demonologist (D)
  A merfolk impaler (D)
  A rakshasa (D)
  An anaconda (D)
  An ogre mage (D)
  4 two-headed ogres (D)
  7 death yaks (D)
  A spriggan (D)
  A sun demon (D)
  A sixfirhy (D)
  A fire crab (D)
  A shadow wraith (D)
  A sea snake (D)
  A flayed ghost (D)
  2 swamp dragons (D)
  A cyclops (D)
  A moth of wrath (D)
  2 elephants (D)
  2 gargoyles (D)
  A spiny frog (D)
  A smoke demon (D)
  An eye of devastation (D)
  A freezing wraith (D)
  A komodo dragon (D)
  2 ice devils (D)
  An efreet (D)
  2 hellwings (D)
  A wind drake (D)
  A demonic crawler (D)
  A troll (D)
  A hornet (D)
  A tyrant leech (D)
  9 dream sheep (D)
  Prince Ribbit (D)
  A hippogriff (D)
  A basilisk (D)
  Eustachio (D)
  4 yaks (D)
  2 wargs (D)
  3 soldier ants (D)
  2 porcupines (D)
  An orc warrior (D)
  A swamp drake (D)
  An eye of draining (D)
  A necrophage (D)
  2 ogres (D)
  7 wolves (D)
  A centaur (D)
  A big kobold (D)
  A gnoll sergeant (D)
  A small abomination (D)
  2 iron imps (D)
  A hell rat (D)
  A worker ant (D)
  A gnoll (D)
  An adder (D)
  A worm (D)
  A leopard gecko (D)
  2 giant cockroaches (D)
  A goblin (D)
  A hobgoblin (D)
  3 jackals (D)
  2 quokkas (D)
  A ball python (D)
  2 frilled lizards (D)
  A quokka zombie (D)
  A rat (D)
111 creatures vanquished.

Vanquished Creatures (others)
  A death yak (D)
  A sea snake (D)
  A spriggan druid (D)
  A river rat (D)
  A giant cockroach zombie (D)
  A kobold (D)
6 creatures vanquished.

Grand Total: 117 creatures vanquished

Notes
Turn   | Place    | Note
-------+----------+-------------------------------------------
     0 | D        | potatolord5000 the Gargoyle Fighter began the quest for the Orb.
     0 | D        | Reached XP level 1. HP: 14/14 MP: 1/1
    55 | D        | Found a bloodstained altar of Trog.
    55 | D        | Found a deep blue altar of Sif Muna.
    55 | D        | Found a viscous altar of Jiyva.
    55 | D        | Found a hazy altar of Hepliaklqana.
    55 | D        | Found an opulent altar of Gozag.
    56 | D        | Found a glowing golden altar of the Shining One.
    56 | D        | Found a glowing silver altar of Zin.
    56 | D        | Found a basalt altar of Yredelemnul.
    56 | D        | Found a shimmering altar of Xom.
    56 | D        | Found an ornate altar of the Wu Jian Council.
    56 | D        | Found a sacrificial altar of Ru.
    56 | D        | Found a stormy altar of Qazlal.
    56 | D        | Found an iron altar of Okawaru.
    56 | D        | Found a sparkling altar of Nemelex Xobeh.
    56 | D        | Found a burning altar of Makhleb.
    56 | D        | Found a blossoming altar of Fedhas.
    56 | D        | Found a white marble altar of Elyvilon.
    56 | D        | Found a shadowy altar of Dithmenos.
    56 | D        | Found a snail-covered altar of Cheibriados.
    58 | D        | Found a radiant altar of Vehumet.
    58 | D        | Found a corrupted altar of Lugonu.
    58 | D        | Found a roughly hewn altar of Beogh.
    59 | D        | Found a hide-covered altar of Uskayaw.
    59 | D        | Found an ancient bone altar of Kikubaaqudgha.
    59 | D        | Found a shattered altar of Ashenzari.
    64 | D        | Became a worshipper of Warmaster Okawaru
    98 | D        | Noticed a worker ant
   109 | D        | Killed a worker ant
   109 | D        | Reached XP level 2. HP: 13/20 MP: 1/3
   109 | D        | Reached XP level 3. HP: 15/24 MP: 1/4
   120 | D        | Noticed a big kobold
   129 | D        | Killed a big kobold
   129 | D        | Reached skill level 5 in Fighting
   129 | D        | Reached skill level 5 in Armour
   129 | D        | Reached skill level 5 in Shields
   129 | D        | Reached XP level 4. HP: 26/31 MP: 3/6
   212 | D        | Noticed an ogre
   213 | D        | Noticed a porcupine
   218 | D        | Killed an ogre
   218 | D        | Reached * piety under Okawaru
   218 | D        | Reached skill level 5 in Maces & Flails
   218 | D        | Reached skill level 5 in Invocations
   218 | D        | Reached XP level 5. HP: 37/37 MP: 6/8
   220 | D        | Noticed a wolf
   230 | D        | Killed a porcupine
   230 | D        | Reached XP level 6. HP: 28/44 MP: 5/10
   235 | D        | Reached ** piety under Okawaru
   402 | D        | Reached XP level 7. HP: 42/48 MP: 10/12
   404 | D        | Noticed a warg
   427 | D        | Killed a warg
   454 | D        | Noticed Prince Ribbit
   454 | D        | Noticed a soldier ant
   454 | D        | Noticed a flayed ghost
   464 | D        | Killed a soldier ant
   466 | D        | Killed Prince Ribbit
   466 | D        | Reached *** piety under Okawaru
   466 | D        | Reached XP level 8. HP: 56/56 MP: 11/14
   476 | D        | Killed a flayed ghost
   476 | D        | Reached skill level 10 in Shields
   603 | D        | Noticed a gargoyle
   615 | D        | Reached skill level 10 in Fighting
   615 | D        | Reached skill level 10 in Armour
   634 | D        | Killed a gargoyle
   634 | D        | Reached **** piety under Okawaru
   634 | D        | Reached XP level 9. HP: 62/63 MP: 14/16
   676 | D        | Noticed a death yak
   703 | D        | Killed a death yak
   703 | D        | Reached skill level 10 in Invocations
   712 | D        | Noticed an ice devil
   714 | D        | Noticed a hellwing
   714 | D        | Noticed an elephant
   721 | D        | Killed an ice devil
   721 | D        | Reached skill level 10 in Maces & Flails
   727 | D        | Killed a hellwing
   735 | D        | Killed an elephant
   735 | D        | Reached XP level 10. HP: 70/70 MP: 16/18
   744 | D        | Noticed a smoke demon
   744 | D        | Noticed a cyclops
   745 | D        | Noticed an elephant
   745 | D        | Noticed a spriggan druid
   745 | D        | Noticed a nagaraja
   747 | D        | Noticed a moth of wrath
   759 | D        | Killed a cyclops
   759 | D        | Reached ***** piety under Okawaru
   768 | D        | Killed a spriggan druid
   776 | D        | Killed a nagaraja
   787 | D        | Killed an elephant
   795 | D        | Killed a moth of wrath
   841 | D        | Killed a smoke demon
   841 | D        | Reached ****** piety under Okawaru
   841 | D        | Received a gift from Okawaru
   851 | D        | Noticed a swamp dragon
   854 | D        | Noticed a sea snake
   856 | D        | Noticed Eustachio
   869 | D        | Killed a swamp dragon
   871 | D        | Reached XP level 11. HP: 70/78 MP: 13/20
   877 | D        | Received a gift from Okawaru
   899 | D        | Killed a sea snake
   942 | D        | Killed Eustachio
  1005 | D        | Killed a shadow wraith
  1203 | D        | Noticed a two-headed ogre
  1222 | D        | Killed a two-headed ogre
  1497 | D        | Noticed a death yak
  1497 | D        | Noticed an ogre mage
  1497 | D        | Noticed a two-headed ogre
  1497 | D        | Noticed a two-headed ogre
  1497 | D        | Noticed an anaconda
  1498 | D        | Noticed a death cob
  1499 | D        | Noticed a death yak
  1505 | D        | Killed a two-headed ogre
  1507 | D        | Noticed a sixfirhy
  1509 | D        | Noticed a deep elf demonologist
  1514 | D        | Noticed a cacodemon
  1533 | D        | Killed a death cob
  1533 | D        | Reached XP level 12. HP: 61/86 MP: 0/22
  1535 | D        | Noticed a death yak
  1536 | D        | Noticed a sun demon
  1544 | D        | Killed a death yak
  1556 | D        | Noticed a death yak
  1557 | D        | Killed a death yak
  1562 | D        | Noticed a Brimstone Fiend
  1566 | D        | Noticed a spriggan rider
  1568 | D        | Noticed a soul eater
  1569 | D        | Killed a deep elf demonologist
  1569 | D        | Received a gift from Okawaru
  1569 | D        | Reached skill level 15 in Fighting
  1569 | D        | Reached skill level 15 in Shields
  1576 | D        | Reached skill level 15 in Armour
  1585 | D        | Noticed a death yak
  1585 | D        | Noticed a death yak
  1585 | D        | Noticed a merfolk impaler
  1588 | D        | Noticed a death yak
  1610 | D        | Killed a death yak
  1617 | D        | Killed a death yak
  1632 | D        | Killed a merfolk impaler
  1638 | D        | Killed a death yak
  1638 | D        | Received a gift from Okawaru
  1638 | D        | Reached skill level 15 in Invocations
  1645 | D        | Killed a death yak
  1655 | D        | Killed a spriggan rider
  1662 | D        | Killed a death yak
  1666 | D        | Killed a sun demon
  1671 | D        | Killed an anaconda
  1691 | D        | Noticed a two-headed ogre
  1698 | D        | Killed a two-headed ogre
  1704 | D        | Killed a two-headed ogre
  1704 | D        | Reached XP level 13. HP: 62/93 MP: 5/24
  1711 | D        | Reached skill level 15 in Maces & Flails
  1922 | D        | Received a gift from Okawaru
  1995 | D        | Noticed a rakshasa
  2066 | D        | Killed a rakshasa
  2111 | D        | Noticed Donald
  2112 | D        | Noticed an orc warlord
  2112 | D        | Noticed an orc warlord
  2115 | D        | Noticed a death cob
  2163 | D        | HP: 1/95 [orc warlord/war axe (39)]
  2170 | D        | Mangled by a death cob

Vault maps used:
D:        pitsprint

Skill      XL: |  1  2  3  4  5  6  7  8  9 10 11 12 13 |
---------------+----------------------------------------+-----
Fighting       | 4 5 6 7 9 10 11 13 14 16 | 16.7
Maces & Flails | 3 4 5 6 8 9 10 11 13 14 15 | 15.5
Armour         | 4 5 6 7 9 10 11 12 14 16 | 16.7
Shields        | 4 5 6 7 8 9 10 11 13 14 16 | 16.7
Invocations    | 2 3 5 6 8 9 10 12 14 15 16 | 16.3

Action                   |  1- 3 |  4- 6 |  7- 9 | 10-12 | 13-15 || total
-------------------------+-------+-------+-------+-------+-------++-------
Melee: Mace              |    30 |    67 |   139 |   382 |       ||   618
       Flail             |     6 |       |       |       |       ||     6
       Eveningstar       |       |       |       |    91 |   164 ||   255
Invok: Heroism           |       |     1 |     5 |     4 |     3 ||    13
       Finesse           |       |       |       |     4 |     3 ||     7
  Use: Potion            |     2 |     1 |     4 |    19 |    12 ||    38
       Scroll            |       |       |       |     6 |       ||     6
 Stab: Invisible         |       |       |       |    22 |       ||    22
       Confused          |       |       |       |     4 |       ||     4
  Eat: Meat ration       |       |       |       |     2 |       ||     2
Armor: Scale mail        |    22 |     1 |       |       |       ||    23
       Chain mail        |       |    36 |     6 |       |       ||    42
       Plate armour      |       |       |    25 |   228 |   144 ||   397
Dodge: Dodged            |    19 |    15 |    27 |   272 |   130 ||   463
Block: Shield            |    22 |    39 |    67 |   388 |   251 ||   767
